 Dungeon Crawl Stone Soup version 0.28-a0-313-gbc0475efdd (webtiles) character file.

Game seed: 5805389935695836079

182 Leszczynek the Skirmisher (level 5, -6/42 (43) HPs)
             Began as a Human Gladiator on Aug 31, 2021.
             Mangled by a wight (16 damage)
             ... on level 5 of the Dungeon.
             The game lasted 00:10:04 (1399 turns).

Leszczynek the Skirmisher (Human Gladiator)         Turns: 1399, Time: 00:10:05

HP:   -6/42 (43)    AC:  6    Str: 13 (15) XL:     5   Next: 93%
MP:   5/5           EV: 11    Int:  8 (9)  God:
Gold: 102           SH:  0    Dex: 14      Spells: 4/4 levels left

rFire   . . .      SeeInvis .   x - +2 long sword (flame)
rCold   . . .      Faith    .   (no shield)
rNeg    . . .      Spirit   .   j - +0 ring mail
rPois   .          Reflect  .   b - +0 helmet
rElec   .          Harm     .   (no cloak)
rCorr   .          Rampage  .   (no gloves)
Will    .....                   (no boots)
Stlth   +.........              (no amulet)
HPRegen 0.14/turn               (no ring)
MPRegen 0.09/turn               (no ring)

@: lightly drained
A: no striking features
a: no special abilities


You were on level 5 of the Dungeon.
You visited 1 branch of the dungeon, and saw 6 of its levels.

You collected 102 gold pieces.

Inventory:

Hand Weapons
 c - a +0 hunting sling
 x - a +2 long sword of flaming (weapon)
Missiles
 d - 70 stones
 l - 3 throwing nets (quivered)
 n - 23 sling bullets
Armour
 a - a +0 leather armour
 b - a +0 helmet (worn)
 j - a +0 ring mail (worn)
Scrolls
 f - a scroll of immolation {!r}
 i - a scroll of amnesia
 p - a scroll of noise {unknown}
Potions
 g - a potion of degeneration
 h - a potion of haste {unknown}
 k - a potion of curing {unknown}
 m - a potion of ambrosia {unknown}
 o - a potion of cancellation


   Skills:
 + Level 4.7 Fighting
 - Level 2.0 Throwing
 - Level 3.0 Dodging
 - Level 4.2 Unarmed Combat


You had 4 spell levels left.
You didn't know any spells.
Your spell library was empty.

Dungeon Overview and Level Annotations

Branches:
Dungeon (6/15)
 Temple: D:4-7

Altars:

Shops:
D:1 *


Message History

A black bear and an orc come into view.
The orc shouts!
The black bear growls angrily.
There is a stone staircase leading up here.
The orc hits you but does no damage.
You climb upwards.
There is a stone staircase leading down here.
You barely miss the orc. The orc closely misses you.
The orc hits you but does no damage.
You closely miss the orc. The orc hits you with a +0 falchion.
You barely miss the orc. The orc hits you with a +0 falchion.
You slash the orc! You burn the orc.
You kill the orc!
Things that are here:
a +0 falchion; a +0 leather armour
There is a stone staircase leading down here.
You climb downwards.
Found a stone staircase leading down.
There is a stone staircase leading up here.
There is a stone staircase leading down here.
You climb downwards.
Found a scroll labelled HYSHECK MOPS and a quarterstaff.
There is a stone staircase leading up here.
Unknown command.
The wight hits you from afar with a +4 trident.
You climb upwards.
There is a stone staircase leading down here.
Enter note: Xd A wight comes into view. It is wielding a +2 war axe.
Your ring mail prevents you from hitting the wight.
The wight hits you with a +2 war axe.
You closely miss the wight. The wight hits you with a +2 war axe.
You feel drained. The wight barely misses you.
You completely miss the wight. The wight hits you with a +2 war axe!
* * * LOW HITPOINT WARNING * * *
You completely miss the wight. The wight closely misses you.
The wight completely misses you.
You hit the wight. You burn the wight.
The wight is heavily damaged.
The wight hits you with a +2 war axe!
You die...

.# .# .##.#.#
......##########
..######.......# ..#
##.......# ..#
#.....##.############
###
#..##.##.#...........
#..##>...z...#######.
#.....<..#@..#
###..#####.#####
#..........#
#.........##
#.........#
#####.#.....z.#
......#.......#
........##.......
...........##.#...


You could see a wight.

Vanquished Creatures
  A scorpion (D:5)
  A hound (D:5)
  An iguana (D:4)
  An orc wizard (D:4)
  A worm (D:4)
  A dart slug (D:1)
  10 orcs
  An endoplasm (D:1)
  A giant cockroach (D:1)
  A goblin (D:3)
  2 hobgoblins
  A quokka (D:1)
  4 ball pythons
  A frilled lizard (D:1)
  2 kobolds (D:3)
  A rat (D:1)
30 creatures vanquished.

Notes
Turn   | Place    | Note
-------+----------+-------------------------------------------
     0 | D:1      | Leszczynek the Human Gladiator began the quest for the Orb.
     0 | D:1      | Reached XP level 1. HP: 16/16 MP: 1/1
    79 | D:1      | Found Loigg's Assorted Antiques.
   124 | D:1      | Reached XP level 2. HP: 22/22 MP: 2/2
   652 | D:3      | Reached XP level 3. HP: 22/28 MP: 3/3
   966 | D:4      | Reached skill level 4 in Unarmed Combat
   966 | D:4      | Reached XP level 4. HP: 24/34 MP: 4/4
  1059 | D:4      | Reached skill level 3 in Fighting
  1182 | D:5      | Entered Level 5 of the Dungeon
  1199 | D:5      | Reached skill level 4 in Fighting
  1199 | D:5      | Reached XP level 5. HP: 31/42 MP: 5/5
  1288 | D:5      | Noticed a black bear
  1371 | D:5      | Xd
  1399 | D:5      | Mangled by a wight

Illustrated notes

#....# #.##.# .#
#..#.##.#.#
#..†......##########
##o...######.......#
#.....# #.......#
##.....#
...##.############
....####
#.##.#...........
##.##
#..##@.......#######.
#.h.# #.....<..#...#
#...# ##..#####.#####
#...# #..........#
#..)# #.........##
#...# #.........#
#...# #.#.......#
..... #.......#
...... ...##.....


Turn 1371 on D:5: Xd

Levels and vault maps discovered:
D:1:      ncdulo_halloftheorcs, layout_loops_ring, serial_shops,
          nicolae_shop_statue_plus, shop, nicolae_shop_stone, shop, shop,
          dreamdust_ecumenical_altar_hidden_monk_grotto
D:2:      layout_basic, uniq_jessica, uniq_sigmund
D:3:      layout_basic, trog_antimagical, chequers_serial_rivers_micro_d,
          minmay_ruptured
D:4:      layout_loops_ring
D:5:      layout_loops_cross, hangedman_feature_mirror
D:6:      layout_cave_pools, serial_shops, kennysheep_mini

Skill      XL: |  1  2  3  4 |
---------------+-------------+-----
Unarmed Combat | 4 |  4.2
Fighting       | 4 |  4.7
Throwing       | |  2.0
Dodging        | |  3.0

Action                   |  1- 3 |  4- 6 || total
-------------------------+-------+-------++-------
Melee: Unarmed           |    85 |       ||    85
       Punch             |     2 |       ||     2
       Long sword        |     9 |    26 ||    35
Throw: Throwing net      |     1 |       ||     1
  Use: Scroll            |     3 |     1 ||     4
       Potion            |       |     2 ||     2
 Stab: Sleeping          |     2 |       ||     2
       Held in net/web   |     1 |       ||     1
Armor: Leather armour    |    15 |       ||    15
       Ring mail         |       |     7 ||     7
Dodge: Dodged            |    56 |    12 ||    68

Table legend: (Time is in decaauts)
 A = Elapsed time spent in this place.
 B = Non-inter-level travel time spent in this place.
 C = Inter-level travel time spent in this place.
 D = Time resting spent in this place.
 E = Time spent auto-exploring this place.
 F = Levels seen in this place.
 G = Mean time per level.
                   A        B        C        D        E       F      G
               +--------+--------+--------+--------+--------+-----+--------+
         Total |   1508 |   1473 |     35 |      0 |      0 |   6 |  251.3 |
       Dungeon |   1508 |   1473 |     35 |      0 |      0 |   6 |  251.3 |
               +--------+--------+--------+--------+--------+-----+--------+

Top non-repeatable levels by time:
     D:3: 543 daAuts
     D:4: 278 daAuts
     D:1: 269 daAuts
     D:5: 217 daAuts
     D:2: 198 daAuts
     D:6: 1 daAuts
